General information
- name: BNet
- type: Ladder team game (AT/RT)
- host: Battle.net
- saver: miguelitito
map: PhantomGrove
- players: 4
- length: 15:17
- speed: Fast
- version: 1.26 W3XP
- replay type: Public
» download(63 KB)
Players
team 1 (loser)
WelcomeTo (
teal | 137 APM | 2090 actions | 15:16)
3 Blademaster
2 Wind Walk
1 Critical Strike
2 Shadow Hunter
1 Serpent Ward
1 Healing Wave
» actions
| Assign group hotkey | 41 | |
| Basic commands | 5 | |
| Build / train | 56 | |
| ESC pressed | 2 | |
| Enter build submenu | 20 | |
| Enter hero's abilities submenu | 5 | |
| Right click | 823 | |
| Select / deselect | 111 | |
| Select group hotkey | 942 | |
| Use ability | 85 | |
2090 total
» units
| Peon | 12 | |
| Grunt | 5 | |
| Demolisher | 6 | |
| Raider | 6 | |
| Spirit Walker | 1 | |
| Kodo Beast | 1 | |
31 total
» upgrades
» buildings
| Altar of Storms | 1 | |
| Orc Burrow | 7 | |
| Voodoo Lounge | 2 | |
| Barracks | 1 | |
| Stronghold | 1 | |
| War Mill | 1 | |
| Beastiary | 2 | |
| Spirit Lodge | 1 | |
| Watch Tower | 2 | |
| Great Hall | 1 | |
19 total
» build order
00:05 Altar of Storms
00:06 Orc Burrow
00:34 Voodoo Lounge
01:32 Barracks
01:47 Orc Burrow
03:18 Stronghold
04:44 War Mill
05:59 Orc Burrow
06:56 Beastiary
06:57 Spirit Lodge
07:07 Voodoo Lounge
07:10 Watch Tower
07:35 Beastiary
08:14 Watch Tower
08:21 Orc Burrow
08:57 Great Hall
10:07 Orc Burrow
14:45 Orc Burrow
14:45 Orc Burrow
» items
| Healing Salve | 2 | |
| Lesser Clarity Potion | 4 | |
| Scroll of Speed | 3 | |
| Potion of Healing | 1 | |
10 total
lucigun (
blue | 41 APM | 634 actions | 15:16)
3 Blademaster
1 Wind Walk
1 Mirror Image
1 Critical Strike
» actions
| Assign group hotkey | 28 | |
| Build / train | 45 | |
| Enter build submenu | 9 | |
| Enter hero's abilities submenu | 3 | |
| Right click | 308 | |
| Select / deselect | 145 | |
| Select group hotkey | 51 | |
| Use ability | 45 | |
634 total
» units
| Peon | 5 | |
| Grunt | 9 | |
| Troll Headhunter/Berserker | 9 | |
| Demolisher | 4 | |
27 total
» upgrades
» buildings
| Altar of Storms | 1 | |
| Orc Burrow | 4 | |
| Voodoo Lounge | 1 | |
| Barracks | 1 | |
| War Mill | 1 | |
| Stronghold | 1 | |
| Watch Tower | 1 | |
| Fortress | 1 | |
11 total
» build order
00:06 Altar of Storms
00:09 Orc Burrow
00:11 Voodoo Lounge
01:30 Barracks
01:53 Orc Burrow
05:28 Orc Burrow
05:32 War Mill
06:28 Orc Burrow
07:55 Stronghold
08:01 Watch Tower
12:44 Fortress
» items
| Lesser Clarity Potion | 3 | |
| Healing Salve | 4 | |
| Scroll of Speed | 1 | |
| Potion of Healing | 2 | |
| Scroll of Town Portal | 1 | |
11 total
team 2 (winner)
miguelitito (
green | 81 APM | 1240 actions | 15:17)
2 Blademaster
1 Wind Walk
1 Critical Strike
» actions
| Assign group hotkey | 2 | |
| Basic commands | 1 | |
| Build / train | 53 | |
| Enter build submenu | 35 | |
| Enter hero's abilities submenu | 2 | |
| Right click | 863 | |
| Select / deselect | 169 | |
| Select group hotkey | 19 | |
| Use ability | 96 | |
1240 total
» units
» buildings
| Orc Burrow | 3 | |
| Altar of Storms | 1 | |
| Voodoo Lounge | 3 | |
| War Mill | 1 | |
| Watch Tower | 16 | |
| Stronghold | 3 | |
| Tree of Life | 1 | |
28 total
» build order
00:10 Orc Burrow
00:15 Altar of Storms
00:51 Voodoo Lounge
01:20 Voodoo Lounge
01:27 War Mill
01:51 Orc Burrow
02:43 Watch Tower
03:06 Watch Tower
03:14 Watch Tower
04:26 Watch Tower
04:47 Watch Tower
05:28 Watch Tower
05:49 Voodoo Lounge
06:27 Watch Tower
07:24 Watch Tower
07:25 Watch Tower
07:40 Watch Tower
07:55 Watch Tower
08:31 Stronghold
08:31 Stronghold
08:48 Tree of Life
09:18 Watch Tower
09:59 Watch Tower
10:08 Watch Tower
12:16 Orc Burrow
12:49 Watch Tower
13:05 Watch Tower
» items
| Lesser Clarity Potion | 6 | |
| Scroll of Speed | 3 | |
| Healing Salve | 2 | |
| Staff of Teleportation | 1 | |
| Dust of Appearance | 1 | |
| Boots of Speed | 3 | |
| Potion of Healing | 4 | |
| Potion of Mana | 3 | |
| Scroll of Town Portal | 1 | |
24 total
Pourpr3 (
yellow | 55 APM | 439 actions | 07:56)
1 Demon Hunter
1 Immolation
» actions
| Build / train | 23 | |
| Enter build submenu | 9 | |
| Enter hero's abilities submenu | 1 | |
| Remove unit from queue | 1 | |
| Right click | 277 | |
| Select / deselect | 102 | |
| Use ability | 26 | |
439 total
» units
» upgrades
» buildings
| Altar of Elders | 1 | |
| Moon Well | 6 | |
| Ancient of War | 1 | |
| Hunter's Hall | 1 | |
9 total
» build order
00:07 Altar of Elders
00:09 Moon Well
00:11 Ancient of War
02:17 Moon Well
03:23 Moon Well
04:43 Moon Well
04:48 Hunter's Hall
05:41 Moon Well
07:28 Moon Well
Chat log
(00:12 / Allies) Pourpr3: hi
(00:17 / Allies) miguelitito: hi
(03:17 / Allies) miguelitito: PROTECT ME RETARD
(07:33 / Allies) miguelitito: you big noob XD
(07:35 / Allies) miguelitito: make towers allways
(07:37 / Allies) Pourpr3: you
(07:53 / All) Pourpr3: my fucking noob
(14:54 / All) miguelitito: nooobs XD
(15:04 / All) lucigun: suck it !!!!!!!!!